SKY
MILWAUKEE BREWERS @ TORONTO BLUE JAYS
09/01/2052
 
TOP OF THE 1ST
Milwaukee Brewers batting - Pitching for Toronto Blue Jays : LHP Renny Leech
Pitching: LHP Renny Leech
Batting: LHB Yandy Zamano 0-0: Called Strike
0-1: Called Strike
0-2: Ball
1-2: Ball
2-2: DOUBLE (Line Drive, 89D, EV 103.8 MPH)
Batting: RHB Vince Verdugo 0-0: Called Strike
0-1: Foul Ball, location: 3F
0-2: Ball
1-2: SINGLE (Groundball, P, EV 87.5 MPH) (infield hit)
Yandy Zamano to third
Batting: LHB Joshua Ragsdale 0-0: Ball
Vince Verdugo steals 2nd base (no throw)
1-0: Called Strike
1-1: Foul Ball, location: 7LSF
1-2: Ball
2-2: Foul Ball, location: 2F
2-2: Foul Ball, location: 2F
2-2: Foul Ball, location: 2F
2-2: DOUBLE (Line Drive, 78XD, EV 101.3 MPH)
Yandy Zamano scores
Vince Verdugo scores
Batting: RHB Nick Hodge 0-0: Ball
1-0: Ball
2-0: Foul Ball, location: 5F
2-1: Foul Ball, location: 5F
2-2: Strikes out swinging
Batting: RHB Clemente Simpson 0-0: Ball
Joshua Ragsdale steals 3rd base
1-0: Ball
2-0: SINGLE (Groundball, 6S, EV 73.8 MPH) (infield hit)
Joshua Ragsdale scores
Batting: LHB John Stout 0-0: Ball
1-0: Called Strike
1-1: Swinging Strike
1-2: Ball
2-2: Ball
3-2: Strikes out swinging
Clemente Simpson is caught stealing 2nd base 2-6
Batter strikes out.
Top of the 1st over - 3 runs, 4 hits, 0 errors, 0 left on base; Milwaukee 3 - Toronto 0
BOTTOM OF THE 1ST
Toronto Blue Jays batting - Pitching for Milwaukee Brewers : RHP Lewis Tierney
Pitching: RHP Lewis Tierney
Batting: RHB Atlas Alvarado 0-0: Ball
1-0: Ball
2-0: Swinging Strike
2-1: Foul Ball, location: 3FF
2-2: Strikes out swinging
Batting: LHB Connor Thomas 0-0: Called Strike
0-1: Fly out, F9 (Line Drive, 9D, EV 85.6 MPH)
Batting: LHB Jackson Kilsdonk 0-0: Ball
1-0: Swinging Strike
1-1: Ball
2-1: Swinging Strike
2-2: Foul Ball, location: 9LMF
2-2: Ball
3-2: Strikes out swinging
Bottom of the 1st over - 0 runs, 0 hits, 0 errors, 0 left on base; Milwaukee 3 - Toronto 0
TOP OF THE 2ND
Milwaukee Brewers batting - Pitching for Toronto Blue Jays : LHP Renny Leech
Batting: RHB Enzo Thomas 0-0: SINGLE (Groundball, 6M, EV 103.8 MPH) (infield hit)
Batting: SHB Rayan Díaz 0-0: Ball
1-0: Called Strike
1-1: Grounds into double play, 6-4-3 (Groundball, 6MS, EV 80.0 MPH)
Batting: RHB Russ Lavin 0-0: Ball
1-0: Called Strike
1-1: Ground out 4-3 (Groundball, 4MS, EV 63.8 MPH)
Top of the 2nd over - 0 runs, 1 hit, 0 errors, 0 left on base; Milwaukee 3 - Toronto 0
BOTTOM OF THE 2ND
Toronto Blue Jays batting - Pitching for Milwaukee Brewers : RHP Lewis Tierney
Batting: RHB Jayden Bice 0-0: Ball
1-0: Swinging Strike
1-1: Swinging Strike
1-2: Ball
2-2: Foul Ball, location: 9LDF
2-2: Strikes out swinging
Batting: LHB Gael Villarreal 0-0: Ball
1-0: Ball
2-0: Ball
3-0: Foul Ball, location: 2F
3-1: Foul Ball, location: 7LDF
3-2: Ground out 6-3 (Groundball, 6MD, EV 96.9 MPH)
Batting: RHB Mike Asawawong 0-0: Called Strike
0-1: Fly out, F9 (Flyball, 9, EV 101.3 MPH)
Bottom of the 2nd over - 0 runs, 0 hits, 0 errors, 0 left on base; Milwaukee 3 - Toronto 0
TOP OF THE 3RD
Milwaukee Brewers batting - Pitching for Toronto Blue Jays : LHP Renny Leech
Batting: LHB Yandy Zamano 0-0: Swinging Strike
0-1: Called Strike
0-2: SINGLE (Groundball, 6MD, EV 105.6 MPH)
Batting: RHB Vince Verdugo 0-0: Ball
Yandy Zamano is caught stealing 2nd base 2-4
1-0: Called Strike
1-1: Swinging Strike
1-2: Strikes out swinging
Batting: LHB Joshua Ragsdale 0-0: Called Strike
0-1: Foul Ball, location: 5SF
0-2: Ball
1-2: DOUBLE (Line Drive, 89XD, EV 99.4 MPH)
Batting: RHB Nick Hodge 0-0: Called Strike
0-1: Swinging Strike
0-2: Foul Ball, location: 5F
0-2: Foul Ball, location: 9LSF
0-2: Strikes out swinging
Top of the 3rd over - 0 runs, 2 hits, 0 errors, 1 left on base; Milwaukee 3 - Toronto 0
BOTTOM OF THE 3RD
Toronto Blue Jays batting - Pitching for Milwaukee Brewers : RHP Lewis Tierney
Batting: RHB Ernie Brox 0-0: Ball
1-0: Called Strike
1-1: Swinging Strike
1-2: Foul Ball, location: 9LDF
1-2: Strikes out swinging
Batting: SHB Mendy Pérez 0-0: SINGLE (Line Drive, 89S, EV 90.0 MPH)
Batting: RHB Nolan Reid 0-0: Grounds into double play, 3-6-3 (Groundball, 3, EV 88.1 MPH)
Bottom of the 3rd over - 0 runs, 1 hit, 0 errors, 0 left on base; Milwaukee 3 - Toronto 0
TOP OF THE 4TH
Milwaukee Brewers batting - Pitching for Toronto Blue Jays : LHP Renny Leech
Batting: RHB Clemente Simpson 0-0: Ball
1-0: Fly out, F4 (Popup, 34S, EV 81.3 MPH)
Batting: LHB John Stout 0-0: Called Strike
0-1: Ground out 6-3 (Groundball, 6, EV 106.9 MPH)
Batting: RHB Enzo Thomas 0-0: Ball
1-0: Foul Ball, location: 9LSF
1-1: Ball
2-1: Ball
3-1: SINGLE (Groundball, 34D, EV 100.6 MPH)
Batting: SHB Rayan Díaz 0-0: Ball
1-0: Swinging Strike
1-1: Ball
2-1: Called Strike
2-2: Strikes out swinging
Top of the 4th over - 0 runs, 1 hit, 0 errors, 1 left on base; Milwaukee 3 - Toronto 0
BOTTOM OF THE 4TH
Toronto Blue Jays batting - Pitching for Milwaukee Brewers : RHP Lewis Tierney
Batting: RHB Atlas Alvarado 0-0: Ball
1-0: Swinging Strike
1-1: Ball
2-1: Fly out, F1 (Popup, P, EV 81.3 MPH)
Batting: LHB Connor Thomas 0-0: Ball
1-0: Ground out 4-3 (Groundball, 4, EV 85.6 MPH)
Batting: LHB Jackson Kilsdonk 0-0: Ball
1-0: Called Strike
1-1: Called Strike
1-2: Strikes out swinging
Bottom of the 4th over - 0 runs, 0 hits, 0 errors, 0 left on base; Milwaukee 3 - Toronto 0
TOP OF THE 5TH
Milwaukee Brewers batting - Pitching for Toronto Blue Jays : LHP Renny Leech
Batting: RHB Russ Lavin 0-0: Ball
1-0: Swinging Strike
1-1: Called Strike
1-2: Strikes out looking
Batting: LHB Yandy Zamano 0-0: Ball
1-0: SINGLE (Groundball, 34D, EV 105.6 MPH)
Batting: RHB Vince Verdugo 0-0: Called Strike
0-1: Ball
Yandy Zamano steals 2nd base (no throw)
1-1: Foul Ball, location: 23F
1-2: Foul Ball, location: 5F
1-2: Strikes out swinging
Batting: LHB Joshua Ragsdale 0-0: Ball
1-0: Called Strike
Balk!
Yandy Zamano to third
1-1: Fly out, F7 (Line Drive, 7, EV 106.3 MPH)
Top of the 5th over - 0 runs, 1 hit, 0 errors, 1 left on base; Milwaukee 3 - Toronto 0
BOTTOM OF THE 5TH
Toronto Blue Jays batting - Pitching for Milwaukee Brewers : RHP Lewis Tierney
Batting: RHB Jayden Bice 0-0: Ball
1-0: Called Strike
1-1: Ball
2-1: Called Strike
2-2: Strikes out looking
Batting: LHB Gael Villarreal 0-0: Ball
1-0: DOUBLE (Line Drive, 78D, EV 110.6 MPH)
Batting: RHB Mike Asawawong 0-0: Ball
1-0: Foul Ball, location: 5F
1-1: Ball
2-1: Called Strike
2-2: Foul Ball, location: 2F
2-2: SINGLE (Groundball, 4MD, EV 110.6 MPH)
Gael Villarreal to third
Batting: RHB Ernie Brox 0-0: Ball
1-0: Called Strike
1-1: Fly out, F7 (Line Drive, 7S, EV 108.1 MPH)
Runner from 3rd tags up, SCORES, throw by LF
Batting: SHB Mendy Pérez 0-0: Swinging Strike
0-1: Called Strike
0-2: Ball
1-2: Foul Ball, location: 7LSFF
1-2: DOUBLE (Line Drive, 78D, EV 96.9 MPH)
Mike Asawawong to third
Batting: RHB Nolan Reid 0-0: Ball
1-0: Ground out 6-3 (Groundball, 6, EV 88.1 MPH)
Bottom of the 5th over - 1 run, 3 hits, 0 errors, 2 left on base; Milwaukee 3 - Toronto 1
TOP OF THE 6TH
Milwaukee Brewers batting - Pitching for Toronto Blue Jays : LHP Renny Leech
Batting: RHB Nick Hodge 0-0: Swinging Strike
0-1: Ball
1-1: Foul Ball, location: 7LSF
1-2: Foul Ball, location: 2F
1-2: Ball
2-2: DOUBLE (Line Drive, 3D, EV 98.8 MPH)
Batting: RHB Clemente Simpson 0-0: Swinging Strike
0-1: Ball
1-1: Fly out, F9 (Flyball, 9S, EV 91.3 MPH)
Batting: LHB John Stout 0-0: Ball
1-0: Ball
2-0: Called Strike
2-1: Ball
3-1: Base on Balls
Batting: RHB Enzo Thomas 0-0: Swinging Strike
0-1: Swinging Strike
0-2: Ball
1-2: Ball
2-2: Foul Ball, location: 2F
2-2: Foul Ball, location: 2F
2-2: Strikes out swinging
Pitching: LHP Amerigo Payan
Batting: SHB Rayan Díaz 0-0: Ball
1-0: Foul Ball, location: 9LDF
1-1: Called Strike
1-2: Ball
2-2: Fly out, F2 (Popup, 13S, EV 95.6 MPH)
Top of the 6th over - 0 runs, 1 hit, 0 errors, 2 left on base; Milwaukee 3 - Toronto 1
BOTTOM OF THE 6TH
Toronto Blue Jays batting - Pitching for Milwaukee Brewers : RHP Lewis Tierney
Batting: RHB Atlas Alvarado 0-0: Foul Ball, location: 7LDF
0-1: Fly out, F7 (Flyball, 7, EV 95.0 MPH)
Batting: LHB Connor Thomas 0-0: Foul Ball, location: 2RF
0-1: Ball
1-1: Ball
2-1: Foul Ball, location: 2F
2-2: Ground out 5-3 (Groundball, 5, EV 104.4 MPH)
Batting: LHB Jackson Kilsdonk 0-0: Called Strike
0-1: Ball
1-1: Ground out 4-3 (Groundball, 4, EV 103.1 MPH)
Bottom of the 6th over - 0 runs, 0 hits, 0 errors, 0 left on base; Milwaukee 3 - Toronto 1
TOP OF THE 7TH
Milwaukee Brewers batting - Pitching for Toronto Blue Jays : LHP Amerigo Payan
Batting: RHB Russ Lavin 0-0: Ball
1-0: Foul Ball, location: 23FF
1-1: Fly out, F4 (Popup, 4, EV 58.8 MPH)
Batting: LHB Yandy Zamano 0-0: Ball
1-0: Ground out 4-3 (Groundball, 4, EV 78.8 MPH)
Batting: RHB Vince Verdugo 0-0: Called Strike
0-1: DOUBLE (Line Drive, 9LD, EV 100.6 MPH)
Batting: LHB Joshua Ragsdale 0-0: Ball
1-0: Called Strike
1-1: Ball
2-1: Ground out 4-3 (Groundball, 4, EV 85.6 MPH)
Top of the 7th over - 0 runs, 1 hit, 0 errors, 1 left on base; Milwaukee 3 - Toronto 1
BOTTOM OF THE 7TH
Toronto Blue Jays batting - Pitching for Milwaukee Brewers : RHP Lewis Tierney
Batting: RHB Jayden Bice 0-0: Ball
1-0: TRIPLE (Flyball, 9D, EV 89.4 MPH)
Batting: LHB Gael Villarreal 0-0: Ball
1-0: Ball
2-0: Foul Ball, location: 2F
2-1: SINGLE (Groundball, 6M, EV 101.3 MPH)
Jayden Bice scores
Batting: RHB Mike Asawawong 0-0: Called Strike
0-1: Foul Ball, location: 25FF
0-2: Foul Ball, location: 3FF
0-2: Strikes out looking
Batting: RHB Ernie Brox 0-0: Ball
1-0: Ball
2-0: Swinging Strike
2-1: Foul Ball, location: 9LDF
2-2: Ball
3-2: Base on Balls
Gael Villarreal to second
Pitching: RHP Jaden McBride
Batting: SHB Mendy Pérez 0-0: Fly out, F7 (Flyball, 7, EV 83.1 MPH)
Batting: RHB Nolan Reid 0-0: Ground out U3 (Groundball, 3, EV 87.5 MPH)
Bottom of the 7th over - 1 run, 2 hits, 0 errors, 2 left on base; Milwaukee 3 - Toronto 2
TOP OF THE 8TH
Milwaukee Brewers batting - Pitching for Toronto Blue Jays : LHP Amerigo Payan
Pitching: LHP Michael Turnbull
Batting: RHB Nick Hodge 0-0: Ground out 5-3 (Groundball, 56, EV 100.0 MPH)
Batting: RHB Clemente Simpson 0-0: Foul Ball, location: 7LDF
0-1: Ground out 4-3 (Groundball, 4, EV 91.3 MPH)
Batting: LHB John Stout 0-0: Ball
1-0: Ball
2-0: Foul Ball, location: 2F
2-1: Ball
3-1: Ground out 4-3 (Groundball, 4, EV 85.0 MPH)
Top of the 8th over - 0 runs, 0 hits, 0 errors, 0 left on base; Milwaukee 3 - Toronto 2
BOTTOM OF THE 8TH
Toronto Blue Jays batting - Pitching for Milwaukee Brewers : RHP Jaden McBride
Batting: RHB Atlas Alvarado 0-0: Ball
1-0: Foul Ball, location: 3SF
1-1: Called Strike
1-2: Foul Ball, location: 2F
1-2: Foul Ball, location: 2F
1-2: Fly out, F7 (Flyball, 78S, EV 85.0 MPH)
Batting: LHB Connor Thomas 0-0: Ball
1-0: Ball
2-0: Swinging Strike
2-1: Ball
3-1: Foul Ball, location: 23F
3-2: Foul Ball, location: 25F
3-2: Ground out U3 (Groundball, 3L, EV 83.8 MPH)
Pitching: LHP Thomas Moore
Batting: LHB Jackson Kilsdonk 0-0: Ball
1-0: Ball
2-0: Foul Ball, location: 2F
2-1: Ball
3-1: Foul Ball, location: 7LDF
3-2: Fly out, F8 (Flyball, 8RD, EV 105.6 MPH)
Bottom of the 8th over - 0 runs, 0 hits, 0 errors, 0 left on base; Milwaukee 3 - Toronto 2
TOP OF THE 9TH
Milwaukee Brewers batting - Pitching for Toronto Blue Jays : LHP Michael Turnbull
Batting: RHB Enzo Thomas 0-0: Called Strike
0-1: Foul Ball, location: 2F
0-2: Strikes out swinging
Batting: SHB Rayan Díaz 0-0: Ball
1-0: Ground out 5-3 (Groundball, 56S, EV 81.9 MPH)
Batting: RHB Russ Lavin 0-0: Called Strike
0-1: Foul Ball, location: 2F
0-2: Foul Ball, location: 5SF
0-2: Strikes out swinging
Top of the 9th over - 0 runs, 0 hits, 0 errors, 0 left on base; Milwaukee 3 - Toronto 2
BOTTOM OF THE 9TH
Toronto Blue Jays batting - Pitching for Milwaukee Brewers : LHP Thomas Moore
Pitching: RHP Lukas Vander Wilt
Batting: RHB Jayden Bice 0-0: Called Strike
0-1: Swinging Strike
0-2: Foul Ball, location: 2F
0-2: Ball
1-2: Foul Ball, location: 2F
1-2: Ball
2-2: Foul Ball, location: 3FF
2-2: Foul Ball, location: 9LSF
2-2: Ball
3-2: Strikes out swinging
Batting: LHB Gael Villarreal 0-0: Ball
1-0: Fly out, F9 (Flyball, 9, EV 93.8 MPH)
Batting: RHB Mike Asawawong 0-0: Ball
1-0: Called Strike
1-1: SOLO HOME RUN (Flyball, 78XD, EV 104.4 MPH), Distance : 419 ft
Batting: RHB Ernie Brox 0-0: Ground out 5-3 (Groundball, 56, EV 100.6 MPH)
Bottom of the 9th over - 1 run, 1 hit, 0 errors, 0 left on base; Milwaukee 3 - Toronto 3
TOP OF THE 10TH
Milwaukee Brewers batting - Pitching for Toronto Blue Jays : LHP Michael Turnbull
Batting: LHB Yandy Zamano 0-0: Ball
1-0: Foul Ball, location: 7LDF
1-1: Foul Ball, location: 3FF
1-2: Ground out 5-3 (Groundball, 5, EV 108.8 MPH)
Batting: RHB Vince Verdugo 0-0: Called Strike
0-1: Ground out 5-3 (Groundball, 56, EV 103.8 MPH)
Pinch Hitting: RHB Jesse McCabe 0-0: Ball
1-0: Ball
2-0: Ground out 6-3 (Groundball, 6, EV 89.4 MPH)
Top of the 10th over - 0 runs, 0 hits, 0 errors, 0 left on base; Milwaukee 3 - Toronto 3
BOTTOM OF THE 10TH
Toronto Blue Jays batting - Pitching for Milwaukee Brewers : RHP Lukas Vander Wilt
Now at 2B: Rayan Díaz
Now at SS: Florencio Rios
Batting: SHB Mendy Pérez 0-0: Ball
1-0: Foul Ball, location: 2F
1-1: SINGLE (Line Drive, 4D, EV 102.5 MPH)
Batting: RHB Nolan Reid 0-0: Sac Bunt to P - play at first, batter OUT! 1-3
Mendy Pérez to second
Batting: RHB Atlas Alvarado 0-0: Ball
1-0: SINGLE (Groundball, 34D, EV 101.9 MPH)
Mendy Pérez to third
Runner from 3rd tries for Home, SAFE, throw by RF to home
Bottom of the 10th over - 1 run, 2 hits, 0 errors, 1 left on base; Milwaukee 3 - Toronto 4
Sunday, May 5th , 2024 - OOTP Baseball 24.11 Build 85